 Dungeon Crawl Stone Soup version 0.31.0 (webtiles) character file.

Game seed: 8164130468279690219

81 qw the Shooter (level 4, -1/28 HPs)
             Began as a Gargoyle Hunter on Jan 20, 2024.
             Slain by an orc
             ... wielding a +2 heavy trident
              (14 damage)
             ... on level 3 of the Dungeon.
             The game lasted 00:00:06 (1589 turns).

qw the Shooter (Gargoyle Hunter)                    Turns: 1589, Time: 00:00:06

Health: -1/28      AC:  6    Str: 15    XL:     4   Next: 40%
Magic:  4/4        EV: 11    Int:  9    God:
Gold:   44         SH:  0    Dex: 15    Spells: 3/3 levels left

rFire   . . .        a - +0 shortbow
rCold   . . .        (shield currently unavailable)
rNeg    + . .        c - +0 leather armour
rPois   inf          (no helmet)
rElec   +            (no cloak)
rCorr   .            (no gloves)
SInv    .            (no boots)
Will    .....        f - amulet of regeneration
Stlth   ++           (no ring)
HPRegen 1.04/turn    (no ring)
MPRegen 0.09/turn

%: no passive effects
@: no status effects
A: sickness immunity, AC +3, negative energy resistance 1, electricity
resistance, torment resistance 1, petrification resistance
a: no special abilities


You were on level 3 of the Dungeon.
You visited 1 branch of the dungeon, and saw 3 of its levels.

You collected 208 gold pieces.
You spent 164 gold pieces at shops.


Innate Abilities, Weirdness & Mutations

You are immune to sickness and miasma.
Your stone body is resilient. (AC +3)
You are immune to poison.
You resist negative energy. (rN+)
You are resistant to electric shocks. (rElec)
You are resistant to unholy torment.
You are immune to petrification.


   Skills:
 - Level 3.0 Fighting
 + Level 5.4 Ranged Weapons
 - Level 1.5 Dodging
 - Level 1.1 Stealth


You had 3 spell levels left.
You didn't know any spells.
Your spell library was empty.

Inventory:

Hand Weapons
 a - a +0 shortbow (weapon)
Armour
 c - a +0 leather armour (worn)
Jewellery
 f - an amulet of regeneration (around neck)
Wands
 i - a wand of digging (5)
Scrolls
 d - a scroll of amnesia {unknown}
 j - a scroll of summoning {unknown}
 k - a scroll of poison {unknown}
Potions
 b - a potion of mutation {unknown}
 e - a potion of ambrosia {unknown}
 g - 3 potions of curing
 h - 2 potions of heal wounds

Dungeon Overview and Level Annotations

Branches:
Dungeon (3/15)

Altars:
Sif Muna

Shops:
D:2 !(!*


Message History

You shoot an arrow. The arrow barely misses the endoplasm.
A goblin comes into view. It is wielding a +0 dagger.
The endoplasm closely misses you.
You shoot an arrow. The arrow barely misses the endoplasm.
The endoplasm closely misses you.
You shoot an arrow. The arrow hits the endoplasm!
You kill the endoplasm!
The orc throws a boomerang.
The boomerang hits you but does no damage.
You shoot an arrow. The arrow completely misses the orc.
The orc closely misses you.
You shoot an arrow. The arrow hits the orc.
The orc is heavily wounded.
You hear the quick rusting of a drain nearby.
The orc hits you with a +0 flail of protection.
You shoot an arrow. The arrow closely misses the orc.
The orc hits you but does no damage.
You shoot an arrow. The arrow hits the orc.
You kill the orc!
You shoot an arrow. The arrow barely misses the kobold.
The kobold barely misses you.
You shoot an arrow.
The arrow hits the kobold but does no damage.
The orc closely misses you. The kobold hits you but does no damage.
You shoot an arrow. The arrow hits the kobold.
The kobold is severely wounded.
The kobold hits you but does no damage.
The orc hits you from afar with a +2 heavy trident!
The kobold hits you with a +0 club.
You shoot an arrow. The arrow hits the kobold.
You kill the kobold!
The orc closely misses you.
You shoot an arrow. The arrow completely misses the orc.
The orc hits you from afar with a +2 heavy trident!
You shoot an arrow.
The arrow hits the orc but does no damage.
You shoot an arrow. The arrow barely misses the orc.
The orc hits you from afar with a +2 heavy trident!
Ouch! That really hurt!
You die...

.....)...#
#.####.###
#.###..# #...#.##
. #...#.# #..
......# ....
.....## ####!.#
.....# #.)og#
.....##### #@#
#.##.....#######.#
#.#....#.##......#
....#.##.##.######
...##.##.##.#
._....##.##.#
#.#......#
...##.##.##%####
#..........
....#.##.......#
#.%........
#.#...#..#####.#
#..........


You could see an orc and a goblin.

Vanquished Creatures
  3 adders
  An orc (D:3)
  7 ball pythons
  5 endoplasms
  A giant cockroach (D:1)
  5 goblins
  3 hobgoblins
  7 jackals
  A quokka (D:1)
  3 bats
  5 frilled lizards
  6 kobolds
  3 rats
50 creatures vanquished.

Notes
Turn   | Place    | Note
-------+----------+-------------------------------------------
     0 | D:1      | qw the Gargoyle Hunter began the quest for the Orb.
     0 | D:1      | Reached XP level 1. HP: 12/12 MP: 1/1
     0 | D:1      | 0 ||| qw: Version: 0.3-a-132-g3d54051
     0 | D:1      | 0 ||| qw: Game counter: 477
     0 | D:1      | 0 ||| qw: Melee chars always use a shield: true
     0 | D:1      | 0 ||| qw: God list: Okawaru
     0 | D:1      | 0 ||| qw: Allow faded altars: false
     0 | D:1      | 0 ||| qw: Do Orc after clearing Dungeon:15 true
     0 | D:1      | 0 ||| qw: Do second Lair branch before Depths: true
     0 | D:1      | 0 ||| qw: Lair rune preference: random
     0 | D:1      | 0 ||| qw: Goals: Normal
     0 | D:1      | 0 ||| PLANNING D:1-11
   141 | D:1      | Reached XP level 2. HP: 17/17 MP: 2/2
   438 | D:1      | Reached XP level 3. HP: 20/21 MP: 3/3
   574 | D:1      | 574 ||| DROPPING scroll of butterflies.
   654 | D:2      | Reached skill level 5 in Ranged Weapons
   654 | D:2      | 654 ||| FLEEEEING.
   777 | D:2      | Found Suavaec's Antique Weapon Emporium.
   803 | D:2      | Found Jihiqas's Distillery.
   807 | D:2      | Found a faded altar of an unknown god.
   811 | D:2      | 811 ||| BUYING potion of curing (30 gold).
   811 | D:2      | Bought a potion of curing for 30 gold pieces
   811 | D:2      | 811 ||| BUYING potion of curing (30 gold).
   811 | D:2      | Bought a potion of curing for 30 gold pieces
   811 | D:2      | 811 ||| BUYING potion of heal wounds (50 gold).
   811 | D:2      | Bought a potion of heal wounds for 50 gold pieces
   811 | D:2      | 811 ||| SHOPLISTING potion of heal wounds (50 gold, have
                  | 4).
   811 | D:2      | 811 ||| SHOPLISTING potion of might (40 gold, have 4).
   811 | D:2      | 811 ||| SHOPLISTING potion of mutation (80 gold, have 4).
   870 | D:2      | Found Osejabry's Distillery.
   879 | D:2      | 879 ||| SHOPLISTING 2 potions of might (112 gold, have 19).
   879 | D:2      | 879 ||| SHOPLISTING potion of curing (42 gold, have 19).
   879 | D:2      | 879 ||| SHOPLISTING potion of might (56 gold, have 19).
   879 | D:2      | 879 ||| SHOPLISTING potion of mutation (112 gold, have 19).
  1003 | D:2      | Reached skill level 3 in Fighting
  1037 | D:2      | Found Wiowob's Assorted Antiques.
  1042 | D:2      | 1042 ||| SHOPLISTING ring mail (72 gold, have 54).
  1042 | D:2      | 1042 ||| BUYING scroll labelled AFOCU HUMU (18 gold).
  1042 | D:2      | Bought a scroll labelled AFOCU HUMU for 18 gold pieces
  1042 | D:2      | 1042 ||| BUYING scroll labelled KEXAUMEWIAH (18 gold).
  1042 | D:2      | Bought a scroll labelled KEXAUMEWIAH for 18 gold pieces
  1042 | D:2      | 1042 ||| BUYING scroll labelled PULLELLUNT (18 gold).
  1042 | D:2      | Bought a scroll labelled PULLELLUNT for 18 gold pieces
  1156 | D:2      | 1156 ||| UPGRADING to amulet of regeneration.
  1161 | D:2      | 1161 ||| READING scroll labelled HICINI ACUPP.
  1162 | D:2      | 1162 ||| READING scroll labelled AFOCU HUMU.
  1162 | D:2      | 1162 ||| IDENTIFYING murky white potion
  1163 | D:2      | 1163 ||| READING scroll labelled KEXAUMEWIAH.
  1164 | D:2      | 1164 ||| FLEEEEING.
  1167 | D:2      | 1167 ||| READING scroll labelled PULLELLUNT.
  1168 | D:2      | 1168 ||| DROPPING potion of lignification.
  1182 | D:3      | 1182 ||| PLANNING SEWER
  1183 | D:3      | Reached XP level 4. HP: 28/28 MP: 4/4
  1267 | D:3      | Found a shimmering blue altar of Sif Muna.
  1589 | D:3      | Slain by an orc

Levels and vault maps discovered:
D:1:      dpeg_arrival_tiny_c, layout_basic, serial_forest,
          infiniplex_forest_corner_1, infiniplex_forest_corner_1,
          infiniplex_forest_side_room, infiniplex_forest_lined_1,
          infiniplex_forest_clump_medium, infiniplex_forest_straight_1
D:2:      minmay_door_path, layout_rooms, serial_shops, shop, shop, shop, shop,
          shapermc_ecumenical_altar_pompeii
D:3:      layout_rooms, mainiacjoe_overflow_small_starburst,
          mainiacjoe_sewer_entry_somewhere_in_here_1, serial_aquarium,
          aquarium_bridge_square [aquarium_subvault_wall,
          aquarium_subvault_balcony, aquarium_subvault_bridge,
          aquarium_subvault_bridge], aquarium_window_corridor_1,
          aquarium_window_fake, aquarium_window_fake, aquarium_window_corner,
          aquarium_view_2a, aquarium_balcony_5b

Skill      XL: |  1  2  3 |
---------------+----------+-----
Ranged Weapons | 5 |  5.4
Fighting       | 3 |  3.0
Dodging        | |  1.5
Stealth        | |  1.1

Action                     |  1- 3 |  4- 6 || total
---------------------------+-------+-------++-------
   Fire: Shortbow          |    98 |    41 ||   139
    Use: Scroll            |     4 |       ||     4
 Armour: Leather armour    |    25 |    15 ||    40
  Dodge: Dodged            |    16 |    14 ||    30

Table legend:
 A = Non-vault XP
 B = Vault XP
 C = Vault XP percentage of total XP
 D = Non-vault monster count
 E = Vault monster count
 F = Vault count percentage of total count
                 A         B        C        D         E       F
            +---------+---------+-------+---------+---------+-------
      Total |     113 |       3 |   2.6 |      48 |       2 |   4.0
            +---------+---------+-------+---------+---------+-------
        D:1 |      37 |       0 |   0.0 |      22 |       0 |   0.0
        D:2 |      35 |       3 |   7.9 |      15 |       2 |  11.8
        D:3 |      41 |       0 |   0.0 |      11 |       0 |   0.0
            +---------+---------+-------+---------+---------+-------
